[Event "ICC tourney 2715 (40 10)"]
[Site "Internet Chess Club"]
[Date "2021.10.23"]
[Round "4"]
[White "Mason, Mike W:MikeWMason"]
[Black "BARANI, HRUSHIKESAN:Hrushichess"]
[Result "1-0"]
[ICCResult "Black resigns"]
[WhiteElo "1614"]
[BlackElo "1449"]
[Opening "French: King's Indian attack"]
[ECO "C00"]
[NIC "FR.02"]
[Time "17:46:41"]
[PlyCount "73"]
[TimeControl "2400+10"]

1. e4 e6 2. d3 d5 3. Nd2 Nf6 4. Ngf3 Be7 5. g3 O-O 6. Bg2 b6 7. O-O Bb7 8.
Re1 dxe4 9. Ng5 h6 10. Ngxe4 Nxe4 11. Nxe4 f5 12. Nf6+ Rxf6 13. Bxb7 Nd7 14.
Bxa8 Qxa8 15. Bf4 Qc6 16. d4 g5 17. Be5 Nxe5 18. dxe5 Rf8 19. Qe2 f4 20. Qe4
Qxe4 21. Rxe4 fxg3 22. hxg3 Bc5 23. Re2 Kf7 24. Rd1 Ke7 25. Red2 Rf3 26. Kg2
Rf5 27. Re2 g4 28. c3 a5 29. a3 a4 30. Rd3 b5 31. f4 Bb6 32. Red2 Kf7 33.
Rd7+ Kg6 34. Re7 Be3 35. Rdd7 Bc1 36. Rxe6+ Kh5 37. Rh7 {Black resigns} 1-0

[Event "ICC tourney 2715 (40 10)"]
[Site "Internet Chess Club"]
[Date "2021.10.23"]
[Round "4"]
[White "SULTAN, BASHIR Cisse:muzikmixer"]
[Black "Stricker, Paul A:PStricker"]
[Result "1/2-1/2"]
[ICCResult "Game drawn by mutual agreement"]
[WhiteElo "1561"]
[BlackElo "1442"]
[Opening "English opening"]
[ECO "A17"]
[NIC "EO.64"]
[Time "17:45:52"]
[PlyCount "89"]
[TimeControl "2400+10"]

1. c4 e6 2. Nc3 Nf6 3. Nf3 d5 4. e3 c6 5. b3 Bd6 6. Qc2 O-O 7. Bb2 Re8 8.
Be2 e5 9. cxd5 cxd5 10. Nb5 Nc6 11. Nxd6 Qxd6 12. O-O Bg4 13. d3 Rac8 14.
Qd2 Nb4 15. Rfc1 e4 16. dxe4 Nxe4 17. Qd4 f6 18. Ba3 Nc6 19. Qxe4 dxe4 20.
Bxd6 exf3 21. gxf3 Bh5 22. Kg2 Rcd8 23. Rd1 Kf7 24. Bc4+ Kg6 25. Rd5 Rd7 26.
Rad1 Red8 27. Bf4 Rxd5 28. Bxd5 Kf5 29. Be4+ Ke6 30. Rxd8 Nxd8 31. Bxh7 g6
32. Bg8+ Nf7 33. Bb8 a6 34. h4 Ke7 35. Kg3 Kf8 36. Bxf7 Kxf7 37. Kf4 Ke6 38.
e4 b5 39. b4 Kf7 40. Ke3 Ke6 41. f4 Bd1 42. Kd4 Bf3 43. e5 f5 44. a3 Bb7 45.
Bd6 {Game drawn by mutual agreement} 1/2-1/2

[Event "ICC tourney 2715 (40 10)"]
[Site "Internet Chess Club"]
[Date "2021.10.23"]
[Round "4"]
[White "Liao, Connor:che2468"]
[Black "GUO, ELLA:SunnyCountry"]
[Result "0-1"]
[ICCResult "White resigns"]
[WhiteElo "1343"]
[BlackElo "1195"]
[Opening "Queen's pawn game"]
[ECO "D05"]
[NIC "QP.08"]
[Time "17:45:51"]
[PlyCount "70"]
[TimeControl "2400+10"]

1. d4 d5 2. Nf3 Nf6 3. e3 e6 4. b3 c6 5. Bb2 Be7 6. Bd3 Nbd7 7. O-O O-O 8.
Nbd2 a6 9. Ne5 Qc7 10. f4 b5 11. Ndf3 Bb7 12. Rc1 c5 13. c4 dxc4 14. bxc4 b4
15. Nxd7 Nxd7 16. Ne5 Rad8 17. Nxd7 Rxd7 18. d5 exd5 19. Bxh7+ Kxh7 20. Qh5+
Kg8 21. Bxg7 Kxg7 22. Rf3 Rd6 23. f5 Rh8 24. Rg3+ Rg6 25. Rxg6+ fxg6 26.
Qxg6+ Kf8 27. f6 Qxh2+ 28. Kf2 Qh4+ 29. Ke2 Bxf6 30. Rf1 Ke7 31. g4 dxc4 32.
Qf5 Qh2+ 33. Kd1 Rd8+ 34. Kc1 Qd2+ 35. Kb1 Qd3+ {White resigns} 0-1

[Event "ICC tourney 2715 (40 10)"]
[Site "Internet Chess Club"]
[Date "2021.10.23"]
[Round "4"]
[White "CHAN, ETHAN:ChessyEthan"]
[Black "BONDALAPATI, SRI VIBHAV:Vibhu11"]
[Result "1-0"]
[ICCResult "Black checkmated"]
[WhiteElo "1382"]
[BlackElo "1742"]
[Opening "Sicilian: Smith-Morra gambit"]
[ECO "B21"]
[NIC "SI.48"]
[Time "17:46:41"]
[PlyCount "115"]
[TimeControl "2400+10"]

1. e4 c5 2. d4 cxd4 3. c3 d6 4. cxd4 Nf6 5. Nc3 g6 6. Nf3 Bg7 7. Bc4 O-O 8.
O-O a6 9. h3 b5 10. Bd3 Bb7 11. Re1 Nfd7 12. a3 Nc6 13. Bc2 Rc8 14. Be3 Na5
15. Nd2 Nb6 16. Bd3 Nac4 17. Nxc4 Nxc4 18. Bxc4 Rxc4 19. Qd3 Qb6 20. d5 Bd4
21. b4 Rfc8 22. Rac1 Bxe3 23. Rxe3 Qd4 24. Qxd4 Rxd4 25. Ree1 Kf8 26. f3 Ke8
27. Kf2 Kd7 28. Ke3 Rdc4 29. Ne2 f5 30. Rxc4 Rxc4 31. Rc1 e6 32. Rxc4 bxc4
33. Kd4 exd5 34. exd5 Ke7 35. Kxc4 Kf6 36. f4 h6 37. g3 g5 38. a4 h5 39. h4
gxh4 40. gxh4 a5 41. b5 Ke7 42. Nd4 Kf6 43. Nc6 Bxc6 44. bxc6 Ke7 45. Kb5
Kd8 46. Kb6 Kc8 47. c7 Kd7 48. Kb7 Ke7 49. c8=Q Kf7 50. Qe6+ Kg7 51. Kc7 Kh7
52. Qxd6 Kg7 53. Qe7+ Kg6 54. Qe6+ Kg7 55. d6 Kh7 56. d7 Kg7 57. d8=Q Kh7
58. Qdg8# {Black checkmated} 1-0

[Event "ICC tourney 2715 (40 10)"]
[Site "Internet Chess Club"]
[Date "2021.10.23"]
[Round "4"]
[White "OPASKA, MICHAEL:mopaska1106"]
[Black "TANG, VINCENT:VincentT2008"]
[Result "1-0"]
[ICCResult "Black resigns"]
[WhiteElo "1845"]
[BlackElo "1614"]
[Opening "Benkö gambit accepted"]
[ECO "A58"]
[NIC "BI.45"]
[Time "17:46:11"]
[PlyCount "83"]
[TimeControl "2400+10"]

1. d4 Nf6 2. c4 c5 3. d5 b5 4. cxb5 a6 5. bxa6 Bxa6 6. Nc3 d6 7. g3 g6 8.
Bg2 Bg7 9. Nf3 O-O 10. O-O Nbd7 11. h3 Qb6 12. Re1 Rfb8 13. e4 Ne8 14. h4
Nef6 15. e5 Ng4 16. e6 Nde5 17. exf7+ Kxf7 18. Bh3 Bc8 19. Bxg4 Nxg4 20.
Ng5+ Kg8 21. Rxe7 Bd4 22. Qf3 Bxf2+ 23. Kh1 Bf5 24. Nce4 Rf8 25. Nxh7 Qb4
26. Bg5 Bxe4 27. Qxe4 Qxe4+ 28. Rxe4 Kxh7 29. Rxg4 Rf5 30. a4 Rxd5 31. a5
Ra6 32. Kg2 Bd4 33. Ra2 Re5 34. b4 Bc3 35. b5 Rxa5 36. Rxa5 Bxa5 37. Ra4 Bb4
38. b6 Re8 39. Ra7+ Kg8 40. b7 Re2+ 41. Kf3 Re8 42. Ra8 {Black resigns} 1-0

[Event "ICC tourney 2715 (40 10)"]
[Site "Internet Chess Club"]
[Date "2021.10.23"]
[Round "4"]
[White "PU, LANDON:landonp"]
[Black "WHALEN, JAMES:baystatejim1776"]
[Result "1-0"]
[ICCResult "Black resigns"]
[WhiteElo "1557"]
[BlackElo "1839"]
[Opening "Sicilian: Najdorf, Lipnitzky attack"]
[ECO "B90"]
[NIC "SI.13"]
[Time "17:46:00"]
[PlyCount "55"]
[TimeControl "2400+10"]

1. e4 c5 2. Nf3 d6 3. d4 cxd4 4. Nxd4 Nf6 5. Nc3 a6 6. Bc4 Qc7 7. Bb3 e6 8.
Be3 Bd7 9. O-O Be7 10. f4 Nc6 11. Nf3 Ng4 12. Bd2 Na5 13. Nd4 Nxb3 14. cxb3
Qc5 15. Qxg4 Qxd4+ 16. Rf2 d5 17. Rf1 Bc5 18. Kh1 Qd3 19. Re2 dxe4 20. Nxe4
Bd4 21. Nd6+ Ke7 22. Nf5+ Kd8 23. Nd6 f5 24. Qf3 Qxf3 25. Rxf3 Kc7 26. Nc4
Bc6 27. Rd3 Bxb2 28. Nxb2 {Black resigns} 1-0

[Event "ICC tourney 2715 (40 10)"]
[Site "Internet Chess Club"]
[Date "2021.10.23"]
[Round "4"]
[White "ZHUGE, KATHERINE:FlowingMelody"]
[Black "CAO, RAY:rcww2020"]
[Result "0-1"]
[ICCResult "White resigns"]
[WhiteElo "1452"]
[BlackElo "1620"]
[Opening "Sicilian: Taimanov variation"]
[ECO "B49"]
[NIC "SI.39"]
[Time "17:46:19"]
[PlyCount "108"]
[TimeControl "2400+10"]

1. e4 c5 2. Nf3 e6 3. d4 cxd4 4. Nxd4 Nc6 5. Nc3 a6 6. Be2 Qc7 7. Be3 Nf6 8.
O-O Bb4 9. f3 Bc5 10. Bf2 O-O 11. Kh1 Be7 12. Bg3 d6 13. a4 b6 14. Nb3 Bb7
15. f4 Rfd8 16. Bf3 Rac8 17. Qe2 Rd7 18. Rfd1 Rcd8 19. Bf2 d5 20. exd5 Nxd5
21. Nxd5 exd5 22. g3 Bf6 23. Rab1 d4 24. Re1 h6 25. Red1 Nb4 26. Bxb7 Qxb7+
27. Kg1 d3 28. cxd3 Nxd3 29. Qe3 Nxf2 30. Rxd7 Qxd7 31. Qxf2 Qd3 32. Rc1
Qxb3 33. Qc2 Qxc2 34. Rxc2 Rd1+ 35. Kf2 Rb1 36. Rc8+ Kh7 37. Ra8 Rxb2+ 38.
Kg1 a5 39. Ra7 Rb4 40. Rb7 Rxa4 41. Rxf7 b5 42. Rb7 b4 43. Kf1 Ra3 44. Ke1
b3 45. Kd1 a4 46. Rb6 Ra2 47. h4 b2 48. Kc2 a3 49. g4 Ra1 50. g5 Rc1+ 51.
Kd2 b1=Q 52. Rxb1 Rxb1 53. gxf6 gxf6 54. f5 a2 {White resigns} 0-1

[Event "ICC tourney 2715 (40 10)"]
[Site "Internet Chess Club"]
[Date "2021.10.23"]
[Round "4"]
[White "BRUDNO, STEPHEN:StevChess01"]
[Black "DHURJATI, ANAGHA:amdink"]
[Result "0-1"]
[ICCResult "White resigns"]
[WhiteElo "1607"]
[BlackElo "1566"]
[Opening "Neo-Grünfeld defense"]
[ECO "D70"]
[NIC "KI.80"]
[Time "17:45:47"]
[PlyCount "120"]
[TimeControl "2400+10"]

1. d4 Nf6 2. c4 g6 3. f3 d5 4. cxd5 Nxd5 5. e4 Nb6 6. Nc3 c6 7. Be3 Bg7 8.
Qd2 O-O 9. f4 N8d7 10. Rd1 Nf6 11. h3 Be6 12. b3 Qc7 13. Be2 Nfd7 14. Nf3 f5
15. Ng5 Bf7 16. Nxf7 Rxf7 17. e5 e6 18. Rc1 Qd8 19. O-O Bf8 20. Bc4 Nxc4 21.
bxc4 Nb6 22. Qe2 Qd7 23. Rb1 Rd8 24. Rfd1 Qc7 25. Kh1 Rfd7 26. a4 a5 27. d5
Bb4 28. dxe6 Rxd1+ 29. Nxd1 Re8 30. Nb2 Rxe6 31. Rd1 Bc3 32. Qf2 c5 33. Bxc5
Bxb2 34. Bd6 Qc6 35. Qxb2 Nxc4 36. Qc2 Kf7 37. Rd4 Nxd6 38. Qxc6 bxc6 39.
exd6 Ke8 40. d7+ Kd8 41. Kg1 Re7 42. Rd6 Rxd7 43. Rxc6 Rd4 44. Ra6 Rxa4 45.
g4 fxg4 46. hxg4 Ra1+ 47. Kg2 a4 48. Kh3 a3 49. Kh4 a2 50. Kg5 Kc8 51. Kf6
Kb7 52. Ra4 h5 53. f5 h4 54. Kxg6 h3 55. f6 h2 56. Rb4+ Ka6 57. f7 h1=Q 58.
f8=Q Qc6+ 59. Qf6 Qxf6+ 60. Kxf6 Rf1+ {White resigns} 0-1

[Event "ICC tourney 2715 (40 10)"]
[Site "Internet Chess Club"]
[Date "2021.10.23"]
[Round "4"]
[White "Zilbermintz, Lev:chessrex"]
[Black "JAMMALAMADAKA, VIHAAN:smashattack"]
[Result "0-1"]
[ICCResult "White checkmated"]
[WhiteElo "1734"]
[BlackElo "1550"]
[Opening "Blackmar gambit"]
[ECO "D00"]
[NIC "QP.08"]
[Time "17:46:08"]
[PlyCount "176"]
[TimeControl "2400+10"]

1. d4 d5 2. e4 dxe4 3. Nc3 Nf6 4. f3 exf3 5. Nxf3 Bg4 6. h3 Bh5 7. g4 Bg6 8.
Ne5 Nbd7 9. Qf3 e6 10. Qxb7 Nxe5 11. dxe5 Nd7 12. Bb5 Qh4+ 13. Ke2 Rd8 14.
Be3 Be7 15. Qxc7 Bxc2 16. Rac1 Qg3 17. Bc6 Bd3+ 18. Kxd3 O-O 19. Bxd7 Rxd7+
20. Qxd7 Rd8 21. Qxd8+ Bxd8 22. Ke2 Qxe5 23. Kd2 h6 24. Rce1 Bh4 25. Re2 Qa5
26. Kc2 Bf6 27. Bd2 Qa6 28. Rhe1 Qc6 29. Kb1 Qb7 30. Nd1 Qb5 31. Re3 Bh4 32.
R1e2 Bg5 33. Nc3 Qd7 34. Kc2 Bxe3 35. Bxe3 Qb7 36. Rf2 a5 37. Bf4 Qh1 38.
Rh2 Qf1 39. Bg3 a4 40. b3 Qg1 41. Ne2 Qc5+ 42. Nc3 axb3+ 43. axb3 f5 44. Re2
fxg4 45. hxg4 Qg5 46. Re4 h5 47. b4 hxg4 48. b5 Qc5 49. Rxg4 Qb6 50. Be5
Qf2+ 51. Kb3 Qf5 52. Rxg7+ Kf8 53. Rc7 Qxe5 54. Rc4 Qd6 55. Rc6 Qd7 56. Kc4
e5 57. Nd5 e4 58. Kc5 e3 59. Rf6+ Kg7 60. Rf3 e2 61. Re3 Qc8+ 62. Kd4 Qc2
63. Nb4 Qb2+ 64. Kc4 Qc1+ 65. Rc3 Qxc3+ 66. Kxc3 e1=Q+ 67. Kc4 Qe4+ 68. Kc5
Qe7+ 69. Kc4 Qc7+ 70. Nc6 Qb6 71. Ne5 Qb7 72. Kc5 Kf6 73. Nc6 Qc7 74. b6 Qb7
75. Kb5 Kf5 76. Kc5 Ke4 77. Kb5 Kd5 78. Na5 Qd7+ 79. Ka6 Kd6 80. Nc4+ Kc5
81. b7 Qc7 82. Ka7 Kxc4 83. Ka8 Qa5+ 84. Kb8 Kc5 85. Kc8 Qa6 86. Kc7 Qa7 87.
Kc8 Kc6 88. b8=Q Qd7# {White checkmated} 0-1

[Event "ICC tourney 2715 (40 10)"]
[Site "Internet Chess Club"]
[Date "2021.10.23"]
[Round "4"]
[White "madabushi, raghavan:jayrag"]
[Black "KURBANOV, ABROR:Abror"]
[Result "1-0"]
[ICCResult "Black forfeits on time"]
[WhiteElo "1599"]
[BlackElo "1805"]
[Opening "Queen's Indian: 4.Nc3"]
[ECO "E12"]
[NIC "NI.26"]
[Time "17:46:10"]
[PlyCount "75"]
[TimeControl "2400+10"]

1. d4 Nf6 2. c4 e6 3. Nf3 b6 4. Nc3 Bb4 5. a3 Bxc3+ 6. bxc3 Ba6 7. e3 Nc6 8.
Bd3 O-O 9. O-O Na5 10. Qe2 d6 11. e4 e5 12. Bg5 Re8 13. Rad1 h6 14. Bh4 g5
15. Nxg5 Nh7 16. Nf3 Qd7 17. h3 Kh8 18. Nd2 Rg8 19. Qh5 Rg6 20. f4 Rag8 21.
Rf2 f6 22. f5 R6g7 23. Qxh6 Qf7 24. Rdf1 c6 25. Kh2 exd4 26. cxd4 b5 27. e5
dxe5 28. dxe5 bxc4 29. exf6 cxd3 30. fxg7+ Rxg7 31. f6 Rg6 32. Qf4 Bc8 33.
Ne4 Nc4 34. Nd6 Nxd6 35. Qxd6 Qc4 36. Qd8+ Rg8 37. Qc7 Qxh4 38. f7
{Black forfeits on time}
1-0

[Event "ICC tourney 2715 (40 10)"]
[Site "Internet Chess Club"]
[Date "2021.10.23"]
[Round "4"]
[White "VIDENA, DANIEL TUAPEN:Davide25"]
[Black "PUPPALLA, PRANAY:checkmate1823"]
[Result "0-1"]
[ICCResult "White resigns"]
[WhiteElo "1651"]
[BlackElo "1611"]
[Opening "Grünfeld with e3 & Bd3"]
[ECO "D94"]
[NIC "GI.09"]
[Time "17:45:46"]
[PlyCount "138"]
[TimeControl "2400+10"]

1. d4 Nf6 2. c4 g6 3. Nc3 d5 4. e3 Bg7 5. Nf3 O-O 6. Bd3 c5 7. O-O Nc6 8. h3
dxc4 9. Bxc4 cxd4 10. exd4 Bf5 11. Be3 Ne4 12. Re1 Rc8 13. Bd3 Nd6 14. Rc1
Nb4 15. Bxf5 Nxf5 16. Qd2 Nd5 17. Nxd5 Qxd5 18. b3 e6 19. Rxc8 Rxc8 20. Rd1
Nd6 21. Rc1 Rd8 22. Rc5 Qe4 23. Ng5 Qb1+ 24. Rc1 Qf5 25. Qc2 Rc8 26. Qd2 Rd8
27. Qc2 Qxc2 28. Rxc2 h6 29. Nf3 Rd7 30. Kf1 Nf5 31. Rc4 Kf8 32. Ke2 b5 33.
Rc5 a6 34. Rc6 a5 35. Ra6 Bxd4 36. Nxd4 Nxd4+ 37. Bxd4 Rxd4 38. Rxa5 b4 39.
Ra4 e5 40. Ke3 Ke7 41. g3 g5 42. Ra6 f6 43. Ra7+ Ke6 44. Rh7 Rd1 45. Rxh6
Re1+ 46. Kd3 Ra1 47. f3 Rxa2 48. h4 gxh4 49. Rxh4 Rg2 50. Rg4 Kf5 51. Rxb4
Rxg3 52. Ke3 Rg1 53. Rb6 Rc1 54. b4 Rc3+ 55. Kf2 Rb3 56. b5 Kg5 57. Rb8 Kf4
58. b6 Rxf3+ 59. Ke2 Rb3 60. b7 f5 61. Kf2 e4 62. Ke2 Rb2+ 63. Ke1 Ke3 64.
Kd1 f4 65. Kc1 Rb6 66. Kc2 f3 67. Kc3 f2 68. Rf8 Rxb7 69. Kc2 Ke2
{White resigns}
0-1

[Event "ICC tourney 2715 (40 10)"]
[Site "Internet Chess Club"]
[Date "2021.10.23"]
[Round "4"]
[White "MAZUMDAR, SHAURYA:raremystery"]
[Black "Fong, Kevin:kleong12"]
[Result "0-1"]
[ICCResult "White checkmated"]
[WhiteElo "1681"]
[BlackElo "1759"]
[Opening "Sicilian: Pelikan, Chelyabinsk variation"]
[ECO "B33"]
[NIC "SI.37"]
[Time "17:46:18"]
[PlyCount "140"]
[TimeControl "2400+10"]

1. e4 c5 2. Nf3 Nc6 3. d4 cxd4 4. Nxd4 Nf6 5. Nc3 e5 6. Ndb5 d6 7. Bg5 a6 8.
Na3 b5 9. Nd5 Be7 10. Bxf6 Bxf6 11. c3 O-O 12. Nc2 Bg5 13. a4 bxa4 14. Rxa4
a5 15. Bc4 Rb8 16. b3 Kh8 17. Nce3 g6 18. O-O f5 19. Bd3 f4 20. Nc4 f3 21.
Nde3 fxg2 22. Nxg2 Bh3 23. Nce3 Bxe3 24. fxe3 Qg5 25. Ra2 Bxg2 26. Rxg2
Qxe3+ 27. Kh1 Kg7 28. Rg3 Qc5 29. Rgf3 d5 30. Rxf8 Rxf8 31. Rxf8 Kxf8 32.
Qf3+ Kg7 33. exd5 Ne7 34. Bc4 Nf5 35. Qe4 Kf6 36. Qe2 Qe3 37. Bd3 Qc1+ 38.
Qf1 Qxc3 39. Bc4 Qd4 40. Qe1 Ne3 41. Qf2+ Qf4 42. Qxf4+ exf4 43. Bd3 Nxd5
44. Kg2 Ke5 45. Kf3 Nf6 46. h4 Kd4 47. Bc4 a4 48. bxa4 Kxc4 49. Kxf4 Kb4 50.
Kg5 Ng8 51. h5 gxh5 52. Kxh5 Kxa4 53. Kg5 Kb5 54. Kf5 Kc5 55. Ke5 h5 56. Kf5
Kd5 57. Kg5 Nf6 58. Kh4 Ke4 59. Kh3 Kf3 60. Kh2 Kg4 61. Kg2 Ne4 62. Kh2 h4
63. Kg2 h3+ 64. Kh2 Kh4 65. Kg1 Kg3 66. Kh1 Nf2+ 67. Kg1 h2+ 68. Kf1 h1=Q+
69. Ke2 Qd1+ 70. Ke3 Qd3# {White checkmated} 0-1

[Event "ICC tourney 2715 (40 10)"]
[Site "Internet Chess Club"]
[Date "2021.10.23"]
[Round "4"]
[White "SARAFUDINOV, ANDREY:whyyoutrysohard"]
[Black "DIAO, MATTHEW GUO:MatthewDiao"]
[Result "0-1"]
[ICCResult "White resigns"]
[WhiteElo "1611"]
[BlackElo "1510"]
[Opening "Catalan: closed, 5.Nf3"]
[ECO "E06"]
[NIC "CA.04"]
[Time "17:45:50"]
[PlyCount "150"]
[TimeControl "2400+10"]

1. d4 e6 2. c4 d5 3. Nf3 Nf6 4. g3 Be7 5. Bg2 O-O 6. O-O b6 7. Qc2 Bb7 8.
Rd1 c5 9. Nc3 Nbd7 10. cxd5 exd5 11. e4 Nxe4 12. Nxe4 dxe4 13. Ne5 cxd4 14.
Rxd4 Nxe5 15. Rxd8 Rfxd8 16. Bxe4 Rac8 17. Qe2 Bxe4 18. Qxe4 Rd1+ 19. Kg2
Bf6 20. b3 Ng6 21. Qg4 Rcxc1 22. Rxc1 Rxc1 23. Qd7 Rc2 24. Qxa7 Bd4 25. Qa8+
Nf8 26. Qe4 Rxf2+ 27. Kh1 Rd2 28. Qf4 Rd1+ 29. Kg2 Rg1+ 30. Kh3 Bf6 31. Qf2
Ra1 32. a4 Ne6 33. Qxb6 h6 34. a5 Bd8 35. Qc6 Rxa5 36. b4 Ra7 37. b5 Kh7 38.
b6 Ra6 39. Qc2+ g6 40. b7 Rb6 41. Qc8 Bc7 42. Kg2 Be5 43. Kf3 Ng5+ 44. Ke3
Kg7 45. Kd3 Ne6 46. Kc4 Bd6 47. Kd5 Nc5 48. Qd8 Rxb7 49. Qxd6 Rd7 50. Kxc5
Rxd6 51. Kxd6 Kf6 52. Kd5 Kf5 53. h3 g5 54. Kd4 g4 55. h4 h5 56. Kd5 f6 57.
Kd4 Ke6 58. Ke3 Ke5 59. Kd3 f5 60. Ke3 f4+ 61. Ke2 fxg3 62. Kf1 Ke4 63. Kg2
Kf4 64. Kf1 Kf3 65. Kg1 g2 66. Kh2 g3+ 67. Kg1 Kg4 68. Kxg2 Kxh4 69. Kg1 Kg4
70. Kh1 h4 71. Kg1 Kf3 72. Kf1 h3 73. Kg1 h2+ 74. Kh1 g2+ 75. Kxh2 Kf2
{White resigns}
0-1

[Event "ICC tourney 2715 (40 10)"]
[Site "Internet Chess Club"]
[Date "2021.10.23"]
[Round "4"]
[White "MOSS, MARVIN:mmoss2932"]
[Black "CAI, ALAN ZHUOCHENG:flying-ninja"]
[Result "1-0"]
[ICCResult "Black resigns"]
[WhiteElo "1459"]
[BlackElo "1379"]
[Opening "QGD Slav: Dutch variation"]
[ECO "D18"]
[NIC "SL.04"]
[Time "17:45:45"]
[PlyCount "123"]
[TimeControl "2400+10"]

1. d4 d5 2. c4 c6 3. Nc3 Nf6 4. Nf3 dxc4 5. a4 Bf5 6. e3 e6 7. Bxc4 Bd6 8.
O-O O-O 9. Re1 Bc7 10. e4 Bg6 11. Bg5 Qd7 12. Bxf6 gxf6 13. Qb3 Bf4 14. Rad1
Qc7 15. h3 Rd8 16. d5 exd5 17. exd5 Nd7 18. Qa3 Ne5 19. Be2 Rd7 20. dxc6
bxc6 21. Rxd7 Qxd7 22. Rd1 Qc7 23. Nh4 Rd8 24. Rxd8+ Qxd8 25. Nxg6 Nxg6 26.
Qa1 Be5 27. Qd1 Qb6 28. Qc2 Qb4 29. Bf3 c5 30. g3 Ne7 31. Kg2 Kg7 32. Ne4
Bd4 33. b3 a5 34. Nd6 Ng6 35. Nf5+ Kg8 36. Nxd4 Qxd4 37. Qc4 Qxc4 38. bxc4
Kf8 39. Bd5 Ke7 40. f4 Nf8 41. f5 Kd6 42. Bxf7 Nd7 43. Bh5 Nb6 44. Bd1 Nxc4
45. Kf3 Ke5 46. g4 Nb6 47. Ke3 c4 48. Bc2 Nd5+ 49. Kf3 c3 50. Ke2 Kf4 51.
Bb3 Ne3 52. Kd3 c2 53. Bxc2 Nxc2 54. Kxc2 Kg3 55. g5 Kxh3 56. gxf6 Kg4 57.
f7 Kxf5 58. f8=Q+ Kg5 59. Qg8+ Kh6 60. Kd3 Kh5 61. Qxh7+ Kg5 62. Ke4
{Black resigns}
1-0

[Event "ICC tourney 2715 (40 10)"]
[Site "Internet Chess Club"]
[Date "2021.10.23"]
[Round "5"]
[White "DHURJATI, ANAGHA:amdink"]
[Black "WILLY, STEPHEN:stephenwilly"]
[Result "0-1"]
[ICCResult "White checkmated"]
[WhiteElo "1566"]
[BlackElo "1685"]
[Opening "Giuoco Piano"]
[ECO "C54"]
[NIC "IG.02"]
[Time "20:00:13"]
[PlyCount "52"]
[TimeControl "2400+10"]

1. e4 e5 2. Nf3 Nc6 3. Bc4 Bc5 4. c3 Nf6 5. d4 exd4 6. e5 d5 7. exf6 dxc4 8.
fxg7 Rg8 9. cxd4 Nxd4 10. Nxd4 Bxd4 11. O-O Rxg7 12. Qa4+ c6 13. Qxc4 Be6
14. Qe2 Qd5 15. g3 O-O-O 16. Nc3 Qd6 17. Bf4 Qxf4 18. Qe4 Qh6 19. Ne2 Bb6
20. Rad1 Bd5 21. Qf5+ Kb8 22. b3 Rg5 23. Qf4+ Bc7 24. Qe3 Qxh2+ 25. Kxh2
Rh5+ 26. Kg1 Rh1# {White checkmated} 0-1

[Event "ICC tourney 2715 (40 10)"]
[Site "Internet Chess Club"]
[Date "2021.10.23"]
[Round "5"]
[White "WU, EVERETT:EW2006"]
[Black "BARANI, HRUSHIKESAN:Hrushichess"]
[Result "1/2-1/2"]
[ICCResult "Game drawn by mutual agreement"]
[WhiteElo "1606"]
[BlackElo "1449"]
[Opening "French defense, Steiner variation"]
[ECO "C00"]
[NIC "FR.01"]
[Time "20:00:10"]
[PlyCount "61"]
[TimeControl "2400+10"]

1. e4 e6 2. c4 d5 3. exd5 exd5 4. cxd5 Qxd5 5. Nc3 Qd8 6. d4 Nc6 7. Bb5 Bd7
8. d5 Nb4 9. Bxd7+ Qxd7 10. a3 Na6 11. Nge2 Nf6 12. O-O Bd6 13. Bf4 O-O 14.
Bxd6 Qxd6 15. Qd4 Nc5 16. Qc4 a6 17. b4 Ncd7 18. Qf4 Qxf4 19. Nxf4 Nb6 20.
Rfd1 Rad8 21. Rd3 Rd6 22. Rad1 Rfd8 23. f3 h6 24. Ne4 Nxe4 25. fxe4 Nc4 26.
Rc3 b5 27. Re1 g5 28. Ne2 c6 29. dxc6 Rxc6 30. Rec1 Rcd6 31. Ng3
{Game drawn by mutual agreement}
1/2-1/2

[Event "ICC tourney 2715 (40 10)"]
[Site "Internet Chess Club"]
[Date "2021.10.23"]
[Round "5"]
[White "SHAN, ERIC:EricShan"]
[Black "Liao, Connor:che2468"]
[Result "0-1"]
[ICCResult "White resigns"]
[WhiteElo "1582"]
[BlackElo "1343"]
[Opening "Sicilian: Sozin, Leonhardt variation"]
[ECO "B88"]
[NIC "SI.26"]
[Time "20:00:16"]
[PlyCount "88"]
[TimeControl "2400+10"]

1. e4 c5 2. Nf3 d6 3. d4 cxd4 4. Nxd4 Nf6 5. Nc3 Nc6 6. Bc4 e6 7. O-O Be7 8.
h3 O-O 9. f4 a6 10. f5 e5 11. Nxc6 bxc6 12. Bg5 Qb6+ 13. Kh1 Qxb2 14. Ne2
Qb7 15. Ng3 a5 16. Bxf6 Bxf6 17. Nh5 Qe7 18. Qg4 Kh8 19. Rf3 g6 20. Nxf6
Qxf6 21. fxg6 Qxg6 22. Qxg6 hxg6 23. Rxf7 Rxf7 24. Bxf7 Kg7 25. Bb3 Ba6 26.
Rd1 Rd8 27. c4 Kf6 28. c5 Ke7 29. cxd6+ Rxd6 30. Rxd6 Kxd6 31. Bf7 g5 32.
Kh2 Bd3 33. Bg6 c5 34. Kg3 c4 35. Bf7 c3 36. Bb3 c2 37. Bxc2 Bxc2 38. Kf3
Ke6 39. g4 Bd3 40. Ke3 Bf1 41. Kf3 Bxh3 42. Kg3 Bf1 43. Kf3 Bc4 44. Kg3 Bxa2
{White resigns}
0-1

[Event "ICC tourney 2715 (40 10)"]
[Site "Internet Chess Club"]
[Date "2021.10.23"]
[Round "5"]
[White "BONDALAPATI, SRI VIBHAV:Vibhu11"]
[Black "SARAFUDINOV, ANDREY:whyyoutrysohard"]
[Result "1-0"]
[ICCResult "Black resigns"]
[WhiteElo "1742"]
[BlackElo "1611"]
[Opening "Sicilian: dragon, Levenfish variation"]
[ECO "B71"]
[NIC "SI.15"]
[Time "20:00:17"]
[PlyCount "26"]
[TimeControl "2400+10"]

1. e4 c5 2. Nf3 d6 3. d4 cxd4 4. Nxd4 Nf6 5. Nc3 g6 6. f4 a6 7. Be2 Bg7 8.
Be3 Nbd7 9. O-O O-O 10. Kh1 Nc5 11. Bf3 h5 12. f5 b5 13. e5 dxe5 {Black
resigns} 1-0

[Event "ICC tourney 2715 (40 10)"]
[Site "Internet Chess Club"]
[Date "2021.10.23"]
[Round "5"]
[White "TANG, VINCENT:VincentT2008"]
[Black "madabushi, raghavan:jayrag"]
[Result "1-0"]
[ICCResult "Black checkmated"]
[WhiteElo "1614"]
[BlackElo "1599"]
[Opening "Nimzo-Indian: classical, Noa variation, 5.a3"]
[ECO "E36"]
[NIC "NI.23"]
[Time "20:01:04"]
[PlyCount "81"]
[TimeControl "2400+10"]

1. d4 Nf6 2. c4 e6 3. Nc3 Bb4 4. Qc2 d5 5. a3 Bxc3+ 6. Qxc3 Nbd7 7. Bg5 b6
8. cxd5 Nxd5 9. Bxd8 Nxc3 10. Bxc7 Nd5 11. Bg3 Ba6 12. Nf3 Rc8 13. Kd2 N7f6
14. e3 Ne4+ 15. Kd1 Bxf1 16. Rxf1 Ke7 17. Nd2 Nxg3 18. hxg3 h5 19. Nf3 Rhd8
20. Kd2 Nf6 21. Ne5 Ne4+ 22. Kd3 Nc5+ 23. Kc2 Nd7+ 24. Kb3 Nxe5 25. dxe5 Rd5
26. Rac1 Rd3+ 27. Ka2 Rxc1 28. Rxc1 Rd2 29. Rc7+ Ke8 30. Rxa7 Rxf2 31. Rb7
Rxg2 32. Rxb6 Rxg3 33. a4 h4 34. a5 h3 35. Rb8+ Ke7 36. a6 Rg4 37. Kb3 Rg1
38. a7 h2 39. a8=Q h1=Q 40. Qa7+ Qb7+ 41. Qxb7# {Black checkmated} 1-0